 Dungeon Crawl Stone Soup version 0.22-a0-422-g9628fc8 (webtiles) character file.

335443 Angulimala the Spry (level 20, -6/120 (124) HPs)
             Began as a Deep Elf Hunter on Apr 10, 2018.
             Was the Champion of Ru.
             Succumbed to a green very ugly thing's poison
             ... on level 1 of the Depths on May 22, 2018.
             The game lasted 07:32:26 (60525 turns).

Angulimala the Spry (Deep Elf Hunter)              Turns: 60525, Time: 07:32:27

HP:   -6/120 (124)  AC: 26    Str: 16    XL:     20   Next: 96%
MP:   27/36         EV: 27    Int: 20    God:    Ru [******]
Gold: 2504          SH:  0    Dex: 22    Spells: 33/39 levels left

rFire    + . .     SeeInvis +   a - +11 long sword "Gogimp" {venom, +Fly}
rCold    + + .     Gourm    .   (no shield)
rNeg     . . .     Faith    .   V - +8 ring mail of Theory {+Fly rPois rCorr Str+2}
rPois    +         Spirit   +   N - +0 mask of the Dragon {MR+ Slay+3 SInv}
rElec    .         Reflect  .   D - +0 cloak
rCorr    +         Harm     .   G - +2 pair of gloves
MR       +++..                  e - +1 pair of boots of Dawn {rC+}
Stlth    ++++......             O - amulet of guardian spirit
HPRegen  0.30/turn              v - ring of Anarchy {+Fly rF+ rC+}
MPRegen  0.25/turn              L - ring "Fausimu" {AC+3 Dex+6 SInv}

@: lethally poisoned (-6 -> -96), exhausted, no potions, very slightly
contaminated, drained
A: inability to drink while threatened, hated by all, cowardly, no conjurations
magic, no hexes magic, no poison magic, disrupted magic 1, missing an eye
}: 2/15 runes: serpentine, barnacled
a: Draw Out Power, Power Leap, Apocalypse, Renounce Religion, Evoke Flight


You were on level 1 of the Depths.
You worshipped Ru.
Ru was exalted by your worship.
You were hungry.

You visited 8 branches of the dungeon, and saw 38 of its levels.
You also visited: Wizlab.

You collected 3848 gold pieces.
You spent 1344 gold pieces at shops.

Inventory:

Hand Weapons
 a - the +11 long sword "Gogimp" (weapon) {venom, +Fly}
   (You found it on level 7 of the Dungeon)

   It poisons the flesh of those it strikes.
   It lets you fly.
 b - a +3 longbow of freezing
 H - the +5 long sword of Success {slice, rC+ rN+ Int+4}
   (You found it on level 2 of the Lair of Beasts)

   It inflicts extra damage upon your enemies.
   It affects your intelligence (+4).
   It protects you from cold.
   It protects you from negative energy.
 Z - a +5 great sword of flaming
Missiles
 d - 1290 arrows
 u - 16 javelins (quivered)
Armour
 e - the +1 pair of boots of Dawn (worn) {rC+}
   (You found it on level 1 of the Lair of Beasts)

   It protects you from cold.
 D - a +0 cloak (worn)
 G - a +2 pair of gloves (worn)
 N - the +0 mask of the Dragon (worn) {MR+ Slay+3 SInv}
   (You bought it in a shop on level 2 of the Orcish Mines)

   It affects your accuracy and damage with ranged weapons and melee attacks
   (+3).
   It affects your resistance to hostile enchantments.
   It lets you see invisible.
 R - the +6 scale mail of Makhleb's Outrage {rF+ rC+ rCorr Int+4}
   (You found it on level 8 of the Dungeon)

   It affects your intelligence (+4).
   It protects you from fire.
   It protects you from cold.
   It protects you from acid and corrosion.
 V - the +8 ring mail of Theory (worn) {+Fly rPois rCorr Str+2}
   (You found it on level 9 of the Dungeon)

   It affects your strength (+2).
   It protects you from poison.
   It lets you fly.
   It protects you from acid and corrosion.
Jewellery
 j - an uncursed ring of protection from magic
 r - the ring "Fiprik" {rCorr rF+ rN+ MR- Str+2}
   (You found it on level 1 of the Depths)

   [ring of resist corrosion]

   It affects your strength (+2).
   It protects you from fire.
   It protects you from negative energy.
   It affects your resistance to hostile enchantments.
 v - the ring of Anarchy (left hand) {+Fly rF+ rC+}
   (You found it in a wizard's laboratory)

   [ring of flight]

   It protects you from fire.
   It protects you from cold.
   It lets you fly.
 F - the amulet "Fymycoj" {-Tele rF++ Regen+ Str+9 SInv}
   (You found it on level 6 of the Lair of Beasts)

   [amulet of regeneration]

   It affects your strength (+9).
   It greatly protects you from fire.
   It lets you see invisible.
   It prevents most forms of teleportation.
   It increases your rate of regeneration.
 L - the ring "Fausimu" (right hand) {AC+3 Dex+6 SInv}
   (You found it on level 7 of the Dungeon)

   [ring of protection]

   It affects your AC (+3).
   It affects your dexterity (+6).
   It lets you see invisible.
 O - an amulet of guardian spirit (around neck)
Wands
 i - a wand of polymorph (28)
 q - a wand of acid (30)
 w - a wand of clouds (1)
 y - a wand of iceblast (42)
 E - a wand of disintegration (21)
 M - a wand of paralysis (63)
 P - a wand of flame (80)
 T - a wand of digging (11)
 U - a wand of scattershot (3)
Scrolls
 g - 4 scrolls of fog
 k - 9 scrolls of identify
 n - 8 scrolls of magic mapping
 p - 12 scrolls of remove curse
 s - 8 scrolls of teleportation
 t - a scroll of silence
 A - a scroll of fear
 C - 6 scrolls of enchant armour
 S - a scroll of enchant weapon
Potions
 c - a potion of berserk rage
 l - 7 potions of curing
 m - 5 potions of heal wounds
 o - 4 potions of agility
 x - 4 potions of brilliance
 B - 3 potions of might
 J - 7 potions of flight
 K - 5 potions of ambrosia
 Q - 4 potions of haste
 Y - 2 potions of invisibility
Miscellaneous
 I - a fan of gales
 W - a lamp of fire
 X - a lightning rod (4/4)
Comestibles
 f - 55 rations


   Skills:
 - Level 13.0(12.6) Fighting
   Level 1.0(8.9) Short Blades
 - Level 12.9(12.5) Long Blades
 * Level 17.4(16.9) Bows
 * Level 12.3(11.9) Armour
 - Level 19.0(18.5) Dodging
 - Level 10.0(9.6) Stealth
   Level 4.2(3.8) Shields
 - Level 10.0(9.6) Spellcasting
 - Level 4.0(3.7) Charms
 - Level 8.0(7.6) Necromancy
 + Level 2.8(2.5) Translocations
 - Level 11.2(10.8) Evocations


You had 33 spell levels left.
You knew the following spells:

 Your Spells              Type           Power        Failure   Level  Hunger
a - Poisonous Vapours     Pois/Air       #.....       26%         2    None
b - Apportation           Tloc           ###...       7%          1    None
c - Regeneration          Chrm/Necr      ####......   5%          3    None

Your spell library contained the following spells:

 Spells                   Type           Power        Failure   Level  Hunger
 Cause Fear               Hex            #.........   82%         4    ##.....
 Fireball                 Conj/Fire      #.........   98%         5    #####..
 Conjure Flame            Conj/Fire      #.......     43%         3    None
 Lightning Bolt           Conj/Air       #.........   98%         5    #####..
 Bolt of Magma            Conj/Fire/Erth #.........   98%         5    #####..
 Slow                     Hex            #.......     26%         2    None
 Confuse                  Hex            #.......     43%         3    None
 Invisibility             Hex            #.......     100%        6    ######.
 Throw Flame              Conj/Fire      #.....       26%         2    None
 Throw Frost              Conj/Ice       #.....       26%         2    None
 Mephitic Cloud           Conj/Pois/Air  #.......     43%         3    None
 Venom Bolt               Conj/Pois      #.........   98%         5    #####..
 Olgreb's Toxic Radiance  Pois           #.......     82%         4    ##.....
 Summon Small Mammal      Summ           #...         17%         1    None
 Animate Dead             Necr           N/A          8%          4    ##.....
 Pain                     Necr           ####         1%          1    None
 Animate Skeleton         Necr           N/A          1%          1    None
 Vampiric Draining        Necr           #####.....   3%          3    None
 Freeze                   Ice            #...         17%         1    None
 Sticky Flame             Conj/Fire      #.......     82%         4    ##.....
 Summon Ice Beast         Ice/Summ       #.......     82%         4    ##.....
 Ozocubu's Armour         Chrm/Ice       ###.....     22%         3    None
 Call Imp                 Summ           #.......     26%         2    None
 Sting                    Conj/Pois      #...         17%         1    None
 Tukima's Dance           Hex            #.......     43%         3    None
 Iron Shot                Conj/Erth      #.........   100%        6    ######.
 Shock                    Conj/Air       #...         17%         1    None
 Statue Form              Tmut/Erth      #........    100%        6    ######.
 Dragon Form              Tmut           #.........   100%        7    #######
 Deflect Missiles         Chrm/Air       ###.......   100%        6    ######.
 Throw Icicle             Conj/Ice       #.......     82%         4    ##.....
 Shadow Creatures         Summ           N/A          100%        6    ######.
 Confusing Touch          Hex            #.....       17%         1    None
 Flame Tongue             Conj/Fire      #....        17%         1    None
 Call Canine Familiar     Summ           #.......     43%         3    None
 Ensorcelled Hibernation  Hex/Ice        #.....       26%         2    None
 Metabolic Englaciation   Hex/Ice        #.........   98%         5    #####..
 Summon Butterflies       Summ           #.......     17%         1    None
 Silence                  Hex/Air        #.........   98%         5    #####..
 Shatter                  Erth           #.........   100%        9    #######
 Static Discharge         Conj/Air       #.......     43%         3    None
 Corona                   Hex            #......      17%         1    None
 Alistair's Intoxication  Tmut/Pois      #.......     98%         5    #####..
 Conjure Ball Lightning   Conj/Air       #.........   100%        6    ######.
 Portal Projectile        Hex/Tloc       ##....       30%         3    None
 Petrify                  Tmut/Erth      #.......     82%         4    ##.....
 Orb of Destruction       Conj           #.........   100%        7    #######
 Tornado                  Air            #.........   100%        9    #######
 Leda's Liquefaction      Hex/Erth       #.........   82%         4    ##.....
 Darkness                 Hex            #.........   100%        6    ######.
 Inner Flame              Hex/Fire       #.......     43%         3    None
 Iskenderun's Battlesphe  Conj/Chrm      ###.....     88%         5    #####..
 Discord                  Hex            #.........   100%        8    #######
 Summon Lightning Spire   Summ/Air       #.......     82%         4    ##.....
 Summon Guardian Golem    Hex/Summ       #.......     43%         3    None
 Spellforged Servitor     Conj/Summ      #.........   100%        7    #######
 Hydra Form               Tmut           #.........   100%        6    ######.
 Irradiate                Conj/Tmut      #.........   98%         5    #####..
 Gell's Gravitas          Tloc           ###.......   17%         3    None
 Yara's Violent Unravell  Hex/Tmut       #.........   98%         5    #####..
 Lesser Beckoning         Tloc           ###.......   17%         3    None
 Ignition                 Fire           #.........   100%        8    #######
 Borgnjor's Vile Clutch   Necr/Erth      ###.......   65%         5    #####..


Dungeon Overview and Level Annotations

Branches:
Dungeon (15/15)            Temple (1/1) D:4            Lair (6/6) D:8
 Shoals (4/4) Lair:3        Snake (4/4) Lair:2        Slime (0/5) Lair:6
    Orc (2/2) D:12            Elf (0/3) Orc:2        Vaults (5/5) D:13
  Crypt (0/3) Vaults:3     Depths (1/5) D:15

Altars:
Ashenzari
Cheibriados
Dithmenos
Elyvilon
Fedhas
Gozag
Hepliaklqana
Kikubaaqudgha
Makhleb
Nemelex Xobeh
Okawaru
Qazlal
Ru
Sif Muna
Trog
Uskayaw
Vehumet
Wu Jian
Xom
Yredelemnul
Zin
The Shining One
Beogh
Jiyva

Shops:
D:9 %   Orc:2 [[?=(   Vaults:3 (*}   Vaults:4 }:??

Portals:
Hell: Lair:6 Depths:1
Pandemonium: Depths:1

Annotations:
D:8 Erica, Psyche
D:10 1 runed door
Shoals:4 Mara
Vaults:2 exclusion: door, Mennas
Depths:1 2 runed doors


Innate Abilities, Weirdness & Mutations

You cannot drink potions while threatened.
You are hated by all.
Your cowardice makes you less effective in combat with threatening monsters.
You cannot study or cast Conjurations magic.
You cannot study or cast Hexes magic.
You cannot study or cast Poison magic.
Your casting is slightly disrupted.
You are missing an eye, making it more difficult to aim.


Message History

Unknown command.
Blink to where?
Press: ? - help, Dir - move target cursor, p - purple very ugly thing You are very lightly contaminated with residual magic.
As you read the scroll of blinking, it crumbles to dust.
* * * LOW HITPOINT WARNING * * *
You feel extremely sick.
Unknown command.
You cannot drink potions in your current state!
Evoke which item? (* to show all) (? for menu, Esc to quit)
Okay, then.
Okay, then.
You cannot drink potions in your current state!
Your surroundings suddenly seem different.
* * * LOW HITPOINT WARNING * * *
You feel extremely sick.
Unknown command.
You cannot drink potions in your current state!
Unknown command.
You die...

#### ### ##}.## ##|## ##....##
##[))## # ##### #..##.@##
#}=#)[# #####...###.⌠
#⌠.≈####.###(##
...##....##..##..≈§##..#≈#..# §
.....>..#
##....##≈≈#..._...#§≈#
........# ##..## #§#.#⌠.⌠#.#≈#
###.....## #..# #≈≈.......§≈#
....#....####..####§≈.......≈≈#
.........##..##..###≈.#⌠.⌠#.≈##
♣♣♣......##..##..##§§.......≈≈#


There were no monsters in sight!

Vanquished Creatures
  A Cloud Mage (WizLab)
  2 Executioners (Depths:1)
  3 krakens
  Polyphemus (Shoals:3)
  3 sphinxes
  Kirke (D:15)
  7 nagarajas (Snake:4)
  Ilsuiw (Shoals:4)
  2 deep elf sorcerers
  A frost giant (Vaults:4)
  A fire giant (Vaults:3)
  Louise (Shoals:2)
  Aizul (Snake:1)
  5 vault wardens
  6 very ugly things
  7 stone giants
  13 ironheart preservers
  2 entropy weavers
  A vampire knight (Vaults:3)
  3 deep elf demonologists
  A dire elephant (D:14)
  A deep elf annihilator (Vaults:4)
  Azrael (D:14)
  2 spark wasps (WizLab)
  A deep elf death mage (Vaults:1)
  A crystal guardian (Vaults:4)
  4 blizzard demons (WizLab)
  An ettin (Vaults:1)
  7 merfolk impalers
  2 merfolk javelineers
  2 great orbs of eyes
  4 yaktaur captains
  4 vault guards (Vaults:3)
  6 ice dragons
  7 hydras
  A catoblepas (Shoals:3)
  12 naga warriors
  A merfolk avatar (Shoals:2)
  8 centaur warriors
  3 spriggan air magi (WizLab)
  10 anacondas
  3 death knights
  3 satyrs (Shoals:4)
  2 deep troll shamans
  7 ogre magi
  18 two-headed ogres
  4 merfolk aquamancers
  A vampire mage (Depths:1)
  5 death yaks
  A deep troll earth mage (Vaults:4)
  2 tengu warriors (D:13)
  5 orc high priests (Orc:2)
  Urug (D:13)
  18 naga sharpshooters
  8 shock serpents
  5 spriggan berserkers
  4 deep elf knights
  12 hell knights (Depths:1)
  A shadow wraith (Vaults:2)
  2 fire crabs (WizLab)
  An unseen horror (D:12)
  A skeletal warrior (D:11)
  4 death drakes (WizLab)
  17 deep trolls
  A flayed ghost (Vaults:3)
  A sixfirhy (Lair:6)
  8 sea snakes
  10 ironbrand convokers
  5 naga ritualists
  8 deep elf archers
  2 glowing orange brains
  A phantasmal warrior (D:13)
  5 wizards
  14 harpies
  A necromancer (D:15)
  10 manticores
  15 orc knights
  2 wolf spiders
  6 mana vipers
  36 ugly things
  3 cyclopes
  12 deep elf magi
  A cyclops (shapeshifter) (Vaults:1)
  11 salamanders
  11 fauns
  Maurice (D:8)
  8 merfolk sirens
  38 black mambas
  2 centaur zombies
  A guardian serpent (shapeshifter) (Vaults:1)
  2 smoke demons
  3 apocalypse crabs (WizLab)
  6 elephants (Lair:4)
  4 gargoyles
  11 naga magi
  9 vault sentinels
  7 water nymphs
  2 guardian serpents
  A yaktaur zombie (Depths:1)
  8 spiny frogs
  4 orange demons (Lair:6)
  2 rime drakes
  17 yaktaurs
  7 kobold demonologists
  5 freezing wraiths
  A tengu conjurer (D:13)
  A hellwing (Depths:1)
  10 komodo dragons
  An ice devil (Lair:6)
  5 trolls
  A polar bear (Lair:5)
  10 wind drakes
  21 merfolk
  A hornet (shapeshifter) (Vaults:2)
  6 hornets
  6 slime creatures
  15 blink frogs
  Prince Ribbit (Lair:2)
  8 dream sheep
  9 hippogriffs
  7 snapping turtles
  4 vampires
  A spriggan (shapeshifter) (Vaults:3)
  4 ynoxinuls (Depths:1)
  33 orc warriors
  8 water elementals
  6 redbacks
  11 air elementals (WizLab)
  A shadow (D:13)
  A tarantella (Vaults:2)
  An ettin skeleton (Depths:1)
  A wraith (D:12)
  24 yaks
  2 fire elementals (D:15)
  5 basilisks
  4 hogs (D:15)
  A neqoxec (Depths:1)
  4 wargs
  2 hungry ghosts
  59 nagas
  7 hell hounds
  2 soldier ants (D:11)
  5 acid dragons
  10 water moccasins
  5 porcupines
  3 ice beasts
  2 phantoms (D:8)
  3 sky beasts
  3 black bears
  A black bear (shapeshifter) (Vaults:2)
  An ettin simulacrum (Vaults:2)
  4 wolves
  2 eyes of draining (D:14)
  29 centaurs
  15 ogres
  9 boggarts
  11 crocodiles
  7 big kobolds
  14 bullfrogs
  2 scorpions
  A wyvern skeleton (D:11)
  4 killer bees (D:13)
  11 wights
  A vampire bat (D:7)
  3 howler monkeys
  An electric eel (Snake:3)
  6 crimson imps
  2 bullfrog zombies
  A hound (shapeshifter) (D:12)
  8 hounds
  18 orc wizards
  3 quasits
  23 orc priests
  5 centaur skeletons
  6 jellies
  3 bullfrog skeletons
  An iguana (D:8)
  8 worker ants
  2 hound zombies
  2 howler monkey zombies
  2 worker ant zombies
  8 gnolls (D:5)
  10 adders
  5 shadow imps
  A white imp (Vaults:1)
  2 oozes
  3 worms
  4 dart slugs
  5 leopard geckos
  87 orcs
  A ball python (D:3)
  6 bats
  2 bat skeletons (D:7)
  3 bat zombies
  6 giant cockroaches
  8 goblins
  10 hobgoblins
  10 jackals
  5 quokkas
  5 frilled lizards
  A goblin skeleton (D:10)
  26 kobolds
  7 rats
  2 fungi
  A plant (Lair:1)
  7 tentacles
1313 creatures vanquished.

Vanquished Creatures (collateral kills)
  An ogre (D:7)
  A big kobold (D:7)
  3 wights (D:7)
  2 orc wizards (D:7)
  An adder (D:7)
  An orc (D:7)
  2 kobolds (D:7)
11 creatures vanquished.

Vanquished Creatures (others)
  A nagaraja (Snake:3)
  A merfolk javelineer (Shoals:4)
  A merfolk impaler (Shoals:4)
  A hydra (D:11)
  2 two-headed ogres
  A death yak (Lair:5)
  2 naga sharpshooters
  A naga ritualist (Snake:1)
  2 black mambas (Snake:2)
  A komodo dragon (Lair:6)
  2 yaktaurs
  A hornet (D:13)
  A harpy skeleton (D:15)
  A blink frog (Lair:6)
  A frost giant simulacrum (Depths:1)
  A centaur simulacrum (D:13)
  A yak (Lair:4)
  A water moccasin (Lair:2)
  2 orc warriors
  3 ogres
  A centaur (D:14)
  3 bullfrogs
  2 orcs
  2 kobolds (D:14)
  12 fungi (Lair:6)
  25 plants
  24 tentacles
96 creatures vanquished.

Grand Total: 1420 creatures vanquished

Notes
Turn   | Place    | Note
-------+----------+-------------------------------------------
     0 | D:1      | Angulimala the Deep Elf Hunter began the quest for the Orb.
     0 | D:1      | Reached XP level 1. HP: 12/12 MP: 3/3
   264 | D:1      | Reached XP level 2. HP: 13/17 MP: 4/4
  1079 | D:1      | Reached skill level 3 in Dodging
  1079 | D:1      | Reached XP level 3. HP: 21/21 MP: 5/5
  1539 | D:2      | Reached skill level 1 in Armour
  1734 | D:2      | Reached XP level 4. HP: 26/26 MP: 6/6
  1759 | D:2      | Found a burning altar of Makhleb.
  1891 | D:2      | Found a shimmering altar of Xom.
  2234 | D:3      | Found a glowing silver altar of Zin.
  2379 | D:3      | Reached XP level 5. HP: 23/30 MP: 7/7
  2469 | D:3      | Found a shadowy altar of Dithmenos.
  3117 | D:4      | Reached skill level 4 in Dodging
  3192 | D:4      | Noticed an ogre
  3353 | D:4      | Found a radiant altar of Vehumet.
  3562 | D:4      | Reached XP level 6. HP: 36/36 MP: 8/8
  3749 | D:4      | Found a staircase to the Ecumenical Temple.
  3758 | Temple   | Entered the Ecumenical Temple
  3814 | Temple   | Became a worshipper of Ru the Awakened
  4289 | D:4      | Reached skill level 5 in Bows
  4566 | D:5      | Entered Level 5 of the Dungeon
  5338 | D:5      | Found a basalt altar of Yredelemnul.
  5741 | D:5      | Reached XP level 7. HP: 17/41 MP: 9/9
  6720 | D:5      | Reached skill level 5 in Dodging
  7060 | D:5      | Gained mutation: Your casting is slightly disrupted. [Ru sacrifice]
  8374 | D:6      | Found a snail-covered altar of Cheibriados.
  8686 | D:7      | Reached skill level 1 in Short Blades
  8790 | D:7      | Got a steaming brass ring
  8791 | D:7      | Identified the ring "Fausimu" {AC+3 Dex+6 SInv} (You found it on level 7 of the Dungeon)
  8795 | D:7      | Found a glowing golden altar of the Shining One.
  8912 | D:7      | Reached skill level 6 in Dodging
  8927 | D:7      | Learned a level 2 spell: Poisonous Vapours
  9023 | D:7      | Reached skill level 5 in Stealth
  9023 | D:7      | Reached XP level 8. HP: 13/46 MP: 10/10
  9701 | D:7      | Found a white marble altar of Elyvilon.
 10532 | D:7      | Identified the +11 long sword "Gogimp" {venom, +Fly} (You found it on level 7 of the Dungeon)
 10545 | D:6      | Upgraded the game from 0.22-a0-348-gd16d139 to 0.22-a0-351-g29664b4
 10686 | D:7      | Reached skill level 1 in Long Blades
 10709 | D:7      | Reached XP level 9. HP: 53/53 MP: 11/11
 10855 | D:7      | Found an ancient bone altar of Kikubaaqudgha.
 11140 | D:8      | Noticed Psyche
 11157 | D:8      | Noticed a two-headed ogre
 11165 | D:8      | Gained mutation: Your cowardice makes you less effective in combat with threatening monsters. [Ru sacrifice]
 11165 | D:8      | Reached * piety under Ru
 11165 | D:8      | Reached ** piety under Ru
 11183 | D:8      | Noticed Maurice
 11195 | D:8      | Killed Maurice
 11322 | D:8      | Noticed Erica
 11385 | D:8      | Reached skill level 5 in Long Blades
 11417 | D:8      | Reached skill level 1 in Shields
 11526 | D:8      | Found a staircase to the Lair.
 11638 | D:8      | Killed a two-headed ogre
 11638 | D:8      | Reached skill level 5 in Armour
 11682 | D:8      | Got a jasper-encrusted scale mail
 12281 | D:9      | Noticed a troll
 12288 | D:9      | Killed a troll
 12288 | D:9      | Reached XP level 10. HP: 42/58 MP: 12/12
 12298 | D:9      | Got a pitted ring mail
 12422 | D:9      | Found Cezoov's Food Emporium.
 12565 | D:10     | Entered Level 10 of the Dungeon
 12633 | D:10     | Reached skill level 5 in Fighting
 12868 | D:10     | Found a runed door.
 12881 | D:10     | Found a basalt altar of Yredelemnul.
 13040 | D:10     | Gained mutation: You cannot study or cast Poison magic. [Ru sacrifice]
 13040 | D:10     | Gained mutation: You cannot study or cast Hexes magic. [Ru sacrifice]
 13040 | D:10     | Gained mutation: You cannot study or cast Conjurations magic. [Ru sacrifice]
 13040 | D:10     | Reached *** piety under Ru
 13137 | D:10     | Identified the +6 scale mail of Makhleb's Outrage {rF+ rC+ rCorr Int+4} (You found it on level 8 of the Dungeon)
 13138 | D:10     | Identified the +8 ring mail of Theory {+Fly rPois rCorr Str+2} (You found it on level 9 of the Dungeon)
 13608 | D:11     | Noticed a purple ugly thing
 13616 | D:11     | Killed a purple ugly thing
 13665 | D:11     | Noticed a cyan ugly thing
 14168 | D:11     | Noticed a two-headed ogre
 14213 | D:11     | Noticed an ogre mage
 14213 | D:11     | Noticed a two-headed ogre
 14214 | D:11     | Noticed a two-headed ogre
 14214 | D:11     | Noticed a two-headed ogre
 14257 | D:11     | Reached skill level 7 in Dodging
 14382 | D:11     | Reached skill level 8 in Dodging
 14533 | Lair:1   | Entered Level 1 of the Lair of Beasts
 14879 | Lair:1   | Reached XP level 11. HP: 53/64 MP: 13/13
 14931 | Lair:1   | Identified the +1 pair of boots of Dawn {rC+} (You found it on level 1 of the Lair of Beasts)
 15081 | Lair:1   | Reached skill level 9 in Dodging
 16071 | Lair:2   | Noticed an eight-headed hydra
 16085 | Lair:2   | Killed a four-headed hydra
 16194 | Lair:2   | Gained mutation: You cannot drink potions while threatened. [Ru sacrifice]
 16194 | Lair:2   | Reached **** piety under Ru
 16236 | Lair:2   | Reached skill level 10 in Dodging
 16308 | Lair:2   | Identified the +5 long sword of Success {slice, rC+ rN+ Int+4} (You found it on level 2 of the Lair of Beasts)
 16328 | Lair:2   | Noticed Prince Ribbit
 16357 | Lair:2   | Killed Prince Ribbit
 16951 | Lair:2   | Found a staircase to the Snake Pit.
 17083 | Lair:3   | Noticed a five-headed hydra
 17119 | Lair:3   | Killed a one-headed hydra
 17119 | Lair:3   | Reached skill level 11 in Dodging
 17628 | Lair:3   | Found a staircase to the Shoals.
 17885 | Lair:4   | Reached XP level 12. HP: 69/72 MP: 14/14
 18187 | Lair:4   | Gained mutation: You are hated by all. [Ru sacrifice]
 18187 | Lair:4   | Reached ***** piety under Ru
 19233 | Lair:5   | Reached skill level 1 in Evocations
 19533 | Lair:6   | Entered Level 6 of the Lair of Beasts
 19577 | Lair:6   | Upgraded the game from 0.22-a0-351-g29664b4 to 0.22-a0-352-gc608dd7
 19586 | Lair:6   | Noticed an eight-headed hydra
 19750 | Lair:6   | Killed a five-headed hydra
 19750 | Lair:6   | Reached skill level 12 in Dodging
 20023 | Lair:6   | Noticed an eight-headed hydra
 20030 | Lair:6   | Killed a four-headed hydra
 20420 | Lair:6   | Reached XP level 13. HP: 80/80 MP: 18/18
 20426 | Lair:6   | Found a viscous altar of Jiyva.
 20426 | Lair:6   | Found a staircase to the Slime Pits.
 20569 | Lair:6   | Reached skill level 5 in Evocations
 20576 | Lair:6   | Gained mutation: You are missing an eye, making it more difficult to aim. [Ru sacrifice]
 20576 | Lair:6   | Reached ****** piety under Ru
 20991 | Lair:6   | Reached skill level 13 in Dodging
 21844 | Lair:6   | Found a burning altar of Makhleb.
 22791 | Lair:6   | Found a gateway to Hell.
 22799 | Lair:6   | Got a twitching diamond amulet
 23327 | D:12     | Identified the amulet "Fymycoj" {-Tele rF++ Regen+ Str+9 SInv} (You found it on level 6 of the Lair of Beasts)
 23925 | D:12     | Found a staircase to the Orcish Mines.
 24685 | D:10     | Reached skill level 10 in Long Blades
 25125 | D:13     | Noticed Urug
 25152 | D:13     | Killed Urug
 25172 | D:13     | Learned a level 1 spell: Apportation
 25284 | D:13     | Reached XP level 14. HP: 87/87 MP: 22/22
 26357 | D:13     | Reached skill level 10 in Fighting
 28110 | D:14     | Found a shadowy altar of Dithmenos.
 28293 | D:14     | Reached skill level 14 in Dodging
 28331 | D:15     | Entered Level 15 of the Dungeon
 28331 | D:15     | Noticed Azrael
 28344 | D:14     | Killed Azrael
 28509 | D:15     | Noticed Kirke
 28551 | D:15     | Upgraded the game from 0.22-a0-352-gc608dd7 to 0.22-a0-354-g30dfbe6
 28551 | D:15     | Upgraded the game from 0.22-a0-354-g30dfbe6 to 0.22-a0-422-g9628fc8
 28651 | D:15     | Killed Kirke
 28739 | D:15     | Found a staircase to the Depths.
 29382 | D:15     | Paralysed by an ogre mage for 2 turns
 29508 | D:15     | Paralysed by an ogre mage for 6 turns
 30215 | Orc:1    | Entered Level 1 of the Orcish Mines
 30230 | D:12     | Reached skill level 15 in Dodging
 30310 | Orc:1    | Noticed a stone giant
 30326 | Orc:1    | Killed a stone giant
 30326 | Orc:1    | Reached XP level 15. HP: 80/95 MP: 23/23
 30539 | Orc:2    | Entered Level 2 of the Orcish Mines
 30547 | Orc:2    | Found a staircase to the Elven Halls.
 30691 | Orc:2    | Found a roughly hewn altar of Beogh.
 30977 | Orc:2    | Found Roxzyohe's Antique Armour Shoppe.
 32347 | Orc:2    | Found Gupitugitu's Antique Weapon Emporium.
 32347 | Orc:2    | Found Ureodiac's Armour Emporium.
 32348 | Orc:2    | Found Qeulaf's Jewellery Emporium.
 32348 | Orc:2    | Found Teni's Magic Scroll Shoppe.
 32530 | Orc:2    | Bought the +0 mask of the Dragon {MR+ Slay+3 SInv} for 1269 gold pieces
 32530 | Orc:2    | Found the +0 mask of the Dragon {MR+ Slay+3 SInv}
 32767 | Snake:1  | Entered Level 1 of the Snake Pit
 34036 | Snake:1  | Reached skill level 10 in Armour
 34211 | Snake:1  | Reached XP level 16. HP: 101/101 MP: 24/24
 34329 | Snake:1  | Learned a level 3 spell: Regeneration
 34425 | Snake:1  | Noticed Aizul
 34446 | Snake:1  | Killed Aizul
 34964 | Snake:2  | Found a hide-covered altar of Uskayaw.
 35285 | Snake:2  | Reached skill level 10 in Bows
 35419 | Snake:2  | Reached XP level 17. HP: 106/106 MP: 25/25
 35504 | Snake:2  | Reached skill level 16 in Dodging
 37582 | Snake:3  | Found a sparkling altar of Nemelex Xobeh.
 37621 | Snake:4  | Entered Level 4 of the Snake Pit
 37818 | Snake:4  | Found a bloodstained altar of Trog.
 38208 | Snake:4  | Reached skill level 1 in Spellcasting
 38278 | Snake:4  | Reached skill level 1 in Necromancy
 39172 | Snake:4  | Reached skill level 17 in Dodging
 39172 | Snake:4  | Reached skill level 1 in Charms
 39941 | Snake:4  | Got a serpentine rune of Zot
 40175 | Shoals:1 | Entered Level 1 of the Shoals
 40709 | Shoals:1 | Noticed a kraken
 40736 | Shoals:1 | Killed a kraken
 40925 | Shoals:2 | Reached XP level 18. HP: 112/112 MP: 26/26
 41491 | Shoals:3 | Noticed Louise
 41532 | Shoals:2 | Killed Louise
 41532 | Shoals:2 | Reached skill level 5 in Spellcasting
 42136 | Shoals:3 | Noticed Polyphemus
 42322 | Shoals:3 | Killed Polyphemus
 42322 | Shoals:3 | Reached skill level 5 in Necromancy
 42544 | Shoals:4 | Entered Level 4 of the Shoals
 43986 | Shoals:4 | Noticed Mara
 43991 | Shoals:4 | Noticed Angulimala's illusion
 44433 | Shoals:4 | Noticed Ilsuiw
 44449 | Shoals:4 | Killed Ilsuiw
 44718 | Shoals:4 | Reached skill level 18 in Dodging
 45172 | Shoals:4 | Got a barnacled rune of Zot
 45794 | D:13     | Found a gate to the Vaults.
 45804 | Vaults:1 | Entered Level 1 of the Vaults
 46693 | Vaults:1 | Reached skill level 10 in Stealth
 46947 | Vaults:1 | Reached XP level 19. HP: 116/116 MP: 30/30
 47954 | Vaults:2 | Found a magical portal.
 47989 | WizLab   | Entered The Chambers of the Cloud Mage
 48825 | WizLab   | Reached skill level 10 in Evocations
 49469 | WizLab   | Noticed Avvauheu
 49485 | WizLab   | Killed Avvauheu the Cloud Mage
 49732 | WizLab   | Found the +4 Vampire's Tooth {vamp}
 49740 | WizLab   | Identified the Disquisition on Feathers
 49750 | WizLab   | Got a translucent turquoise ring
 49752 | WizLab   | Got a scorched jade ring
 49765 | WizLab   | Identified the ring "Koryb" {*Contam +Fly rN+ Str+4} (You found it in a wizard's laboratory)
 49770 | WizLab   | Got an ivory spear
 49871 | WizLab   | Identified the ring of Anarchy {+Fly rF+ rC+} (You found it in a wizard's laboratory)
 50183 | Vaults:2 | Reached skill level 15 in Bows
 50963 | Vaults:2 | Noticed Mennas
 50988 | Vaults:2 | Found a deep blue altar of Sif Muna.
 53222 | Vaults:1 | Reached XP level 20. HP: 113/120 MP: 33/33
 54477 | Vaults:3 | Found Ymoisyme's Weapon Emporium.
 54490 | Vaults:3 | Found Kiremife's Gadget Shop.
 54609 | Vaults:3 | Found a staircase to the Crypt.
 54622 | Vaults:3 | Identified the +1 scale mail of Heshifae {rF+ rC+} (You found it on level 3 of the Vaults)
 55017 | Vaults:3 | Found Vineschu's General Store.
 55025 | Vaults:3 | Bought a potion of heal wounds for 75 gold pieces
 56103 | Vaults:4 | Found Qexaf's Book Boutique.
 56122 | Vaults:4 | Found Hoele's Magic Scroll Emporium.
 56252 | Vaults:4 | Found Naxki's Magic Scroll Boutique.
 56867 | Vaults:4 | Found Vakhlap's Gadget Boutique.
 58037 | Vaults:5 | Entered Level 5 of the Vaults
 58291 | Depths:1 | Entered Level 1 of the Depths
 58879 | Depths:1 | Found a one-way gate leading to the halls of Pandemonium.
 58957 | Depths:1 | Reached skill level 19 in Dodging
 59474 | Depths:1 | Reached skill level 1 in Translocations
 59790 | Depths:1 | Found a runed door.
 59793 | Depths:1 | Found a runed door.
 60202 | Depths:1 | Reached skill level 10 in Spellcasting
 60256 | Depths:1 | Found a burning altar of Makhleb.
 60280 | Depths:1 | Identified the ring "Fiprik" {rCorr rF+ rN+ MR- Str+2} (You found it on level 1 of the Depths)
 60524 | Depths:1 | HP: 1/120 [poisoned by a green very ugly thing]
 60525 | Depths:1 | Succumbed to a green very ugly thing's poison

Vault maps used:
D:1:      lemuel_arrival_hallway, serial_forest, infiniplex_forest_end_1,
          infiniplex_forest_straight_3, infiniplex_forest_lined_4_way,
          infiniplex_forest_lined_2, infiniplex_forest_clump_double,
          infiniplex_forest_clump_C
D:2:      grunt_temple_overflow_open
D:3:      nicolae_overflow_crystal_walls, lemuel_doored_altar,
          kennysheep_generic_room_6
D:4:      fiery_altar_vehumet, minmay_temple_entry_mist, first_ration,
          amethyst_killhole, grunt_ministairs_7
D:5:      kennysheep_little_box, portal_sewer_entry_d, corexii_corridor_pit
D:6:      kennysheep_slug_shrine
D:7:      kennysheep_vampire_church, kennysheep_mini, old_standard_altar
D:8:      lair_entry_dummy, uniq_psyche, uniq_maurice, uniq_erica
D:9:      serial_shops, shop
D:10:     dk_yredelemnul_ordeal
D:11:     serial_curves, eino_curves_02, eino_curves_01,
          hangedman_pestilent_swarm, dk_noncrumbling_4
D:12:     david_orc_2
D:13:     minmay_connected_triangles_in_corner, david_vaults_4, uniq_urug
D:14:     grunt_dithmenos_smoke_and_mirrors, kennysheep_small_square
D:15:     hangedman_depths_entry_try_elsewhere_first, uniq_kirke, uniq_azrael
Temple:   minmay_temple_bridge_abc
Lair:2:   minmay_snake_entry_guardpost_large, uniq_prince_ribbit2
Lair:3:   minmay_shoals_entry_hut
Lair:5:   beast_lair_carwin_9
Lair:6:   evil_forest, slime_altar_1
Shoals:3: uniq_polyphemus, uniq_louise
Shoals:4: shoals_end_hangedman, shoals_ilsuiw_alternative, uniq_mara
Snake:1:  spider_trap, library_closet, grunt_ministairs_9, uniq_aizul
Snake:2:  basic_altar
Snake:3:  basic_altar, serial_bayou_shore_a
Snake:4:  minmay_snake_end_coiled, basic_altar
Orc:2:    st_orc_pillars, basic_altar, serial_shops, shop_fountains
Vaults:1: v_misc_30, serial_ice_g, hangedman_vaults_nails,
          hangedman_vaults_maws, nicolae_vaults_specimen_jars,
          ontoclasm_vaults_decontamination, nicolae_vaults_mini_display_case
Vaults:2: nicolae_vaults_an_arrangement, hangedman_vaults_unwind,
          ontoclasm_vaults_tryst, v_rooms_2, nicolae_vaults_little_squares_4,
          vaults_room_door_ring, nicolae_vaults_network_barrier,
          ontoclasm_vaults_misaligned, vaults_room_corners,
          vaults_standard_mumra_x, nicolae_vaults_little_squares_4,
          hangedman_vaults_pinch, ontoclasm_vaults_ligature,
          vaults_dpeg_encased_lava, infiniplex_enter_wizlab_glasses,
          basic_altar, uniq_mennas
Vaults:3: minmay_crypt_entry_vampire_xt, nicolae_vaults_triangles,
          vaults_mumra_hex, nicolae_vaults_diagonal_hallway_6,
          vaults_room_hallway, vaults_room_pools, v_pattern_3,
          vaults_room_stairs_pillars, nicolae_vaults_three_branches,
          hangedman_vaults_nails, vaults_room_door_ring, hangedman_vaults_maws,
          serial_shops, nicolae_shop_behind_doors, nicolae_shop_trees, shop
Vaults:4: hangedman_vaults_snaps, v_misc_30, vaults_room_semicircle,
          hangedman_vaults_slice, vaults_dpeg_cross, grunt_vaults_funnel,
          ontoclasm_vaults_spin, nicolae_vaults_big_angled_halls,
          hangedman_vaults_maws, nicolae_vaults_shelves_hall,
          vaults_room_stairs_pillars, vaults_room_semicircle,
          vaults_room_hallway, serial_shops, nicolae_shop_behind_doors, shop,
          nicolae_shop_stone, shop
Depths:1: evilmike_makhleb_hellhole, pf_vacation_house_of_asmodeus,
          serial_sigils_hangedman_confine, grunt_pan_entry_zigzag,
          minmay_guarded_unrand_wrath_of_trog
WizLab:   wizlab_cloud

Skill      XL: |  1  2  3  4  5  6  7  8  9 10 11 12 13 14 15 16 17 18 19 20 |
---------------+-------------------------------------------------------------+-----
Stealth        | 2 3 4 5 7 8 10 | 10.0
Fighting       | 2 3 4 5 7 9 11 12 13 | 13.0
Dodging        | 3 4 6 8 11 12 13 15 17 18 19 | 19.0
Armour         | 1 2 4 5 6 7 8 9 10 11 12 | 12.3
Bows           | 6 7 8 9 10 11 14 15 17 | 17.4
Short Blades   | 1 |  1.0
Long Blades    | 1 5 7 9 10 11 12 | 12.9
Shields        | 3 4 |  4.2
Evocations     | 4 8 9 10 11 | 11.2
Spellcasting   | 4 6 7 10 | 10.0
Necromancy     | 4 6 7 8 |  8.0
Charms         | 4 |  4.0
Translocations | 2 |  2.8

Action                   |  1- 3 |  4- 6 |  7- 9 | 10-12 | 13-15 | 16-18 | 19-21 || total
-------------------------+-------+-------+-------+-------+-------+-------+-------++-------
Melee: Short sword       |    70 |   195 |   200 |       |       |       |       ||   465
       Whip              |       |       |   105 |       |       |       |       ||   105
       Long sword        |       |       |    94 |   541 |  1126 |   552 |  1015 ||  3328
       Great sword       |       |       |       |    18 |   120 |   374 |    84 ||   596
       Unarmed           |       |       |       |       |     1 |       |       ||     1
       Longbow           |       |       |       |       |       |     2 |       ||     2
 Fire: Shortbow          |    75 |   176 |   112 |       |       |       |       ||   363
       Longbow           |       |       |       |       |   107 |   842 |   690 ||  1639
Throw: Throwing net      |       |     2 |     2 |       |       |       |       ||     4
       Stone             |       |     1 |       |     6 |    45 |     9 |     2 ||    63
       Javelin           |       |       |     3 |     1 |       |       |     6 ||    10
       Tomahawk          |       |       |       |     8 |     4 |       |       ||    12
 Cast: Regeneration      |       |       |       |       |       |       |     2 ||     2
Invok: Sacrifice Essence |       |       |     1 |       |       |       |       ||     1
       Sacrifice Courage |       |       |     1 |       |       |       |       ||     1
       Sacrifice Arcana  |       |       |       |     1 |       |       |       ||     1
       Sacrifice Drink   |       |       |       |     1 |       |       |       ||     1
       Sacrifice Love    |       |       |       |     1 |       |       |       ||     1
       Sacrifice an Eye  |       |       |       |       |     1 |       |       ||     1
       Apocalypse        |       |       |       |       |     3 |       |       ||     3
       Power Leap        |       |       |       |       |     1 |     2 |     3 ||     6
       Draw Out Power    |       |       |       |       |       |     1 |     5 ||     6
Evoke: Wand              |       |     5 |    22 |     7 |    20 |    22 |     6 ||    82
       Lightning rod     |       |       |       |       |     2 |     2 |     3 ||     7
       Lamp of fire      |       |       |       |       |       |     2 |     1 ||     3
  Use: Scroll            |     1 |     5 |     8 |    13 |    11 |     6 |    11 ||    55
       Potion            |       |       |     6 |       |     6 |       |     2 ||    14
 Stab: Sleeping          |     1 |     1 |     8 |    14 |     9 |     5 |       ||    38
       Distracted        |       |     1 |       |     4 |     9 |     4 |     9 ||    27
       Held in net/web   |       |       |     1 |       |       |       |       ||     1
       Invisible         |       |       |       |     5 |    27 |     9 |    16 ||    57
       Paralysed         |       |       |       |       |    19 |    11 |     7 ||    37
  Eat: Chunk             |     3 |     9 |    21 |    26 |    34 |    25 |    36 ||   154
       Ration            |       |     1 |       |       |     4 |     5 |     2 ||    12
Armor: Leather armour    |    28 |    60 |   102 |       |       |       |       ||   190
       Skin              |       |       |    25 |       |       |       |       ||    25
       Ice dragon scales |       |       |    49 |    28 |       |       |       ||    77
       Ring mail         |       |       |       |   148 |   323 |   253 |   250 ||   974
       Scale mail        |       |       |       |       |    31 |       |       ||    31
Dodge: Dodged            |    60 |   210 |   399 |   490 |  1149 |  1050 |   866 ||  4224
Block: Buckler           |       |       |    11 |    34 |    22 |       |       ||    67
       Shield            |       |       |       |       |     3 |       |       ||     3
       Rpst.: Long sword |       |       |    13 |   125 |   235 |   114 |   160 ||   647
       Great sword       |       |       |       |     2 |    30 |    85 |    28 ||   145

Table legend:
 A = Spawn XP
 B = Non-spawn XP
 C = Spawn XP percentage of total XP
 D = Spawn monster count
 E = Non-spawn monster count
 F = Spawn count percentage of total count
 G = Total turns spent on level
                    A         B        C        D         E        F      G
               +---------+---------+-------+---------+---------+-------+---------
         Total |       0 |  521569 |   0.0 |       0 |    1338 |   0.0 | 60525
               +---------+---------+-------+---------+---------+-------+---------
           D:1 |       0 |      42 |   0.0 |       0 |      23 |   0.0 |  1152
           D:2 |       0 |     109 |   0.0 |       0 |      27 |   0.0 |   956
           D:3 |       0 |     116 |   0.0 |       0 |      21 |   0.0 |   923
           D:4 |       0 |     320 |   0.0 |       0 |      11 |   0.0 |  2142
           D:5 |       0 |     456 |   0.0 |       0 |      30 |   0.0 |  2349
           D:6 |       0 |     359 |   0.0 |       0 |      12 |   0.0 |  1086
           D:7 |       0 |    1439 |   0.0 |       0 |      42 |   0.0 |  1954
           D:8 |       0 |    2111 |   0.0 |       0 |      20 |   0.0 |  1197
           D:9 |       0 |     577 |   0.0 |       0 |       5 |   0.0 |   927
          D:10 |       0 |    4843 |   0.0 |       0 |      36 |   0.0 |  1410
          D:11 |       0 |    8615 |   0.0 |       0 |      35 |   0.0 |  1508
          D:12 |       0 |    6871 |   0.0 |       0 |      41 |   0.0 |  1951
          D:13 |       0 |    7938 |   0.0 |       0 |      35 |   0.0 |  1625
          D:14 |       0 |   18193 |   0.0 |       0 |      47 |   0.0 |  1784
          D:15 |       0 |   15545 |   0.0 |       0 |      42 |   0.0 |  1823
        Lair:1 |       0 |    3538 |   0.0 |       0 |      20 |   0.0 |  1618
        Lair:2 |       0 |   17807 |   0.0 |       0 |      51 |   0.0 |  2236
        Lair:3 |       0 |    3620 |   0.0 |       0 |      16 |   0.0 |   746
        Lair:4 |       0 |    5893 |   0.0 |       0 |      21 |   0.0 |  1093
        Lair:5 |       0 |    5331 |   0.0 |       0 |      16 |   0.0 |  1704
        Lair:6 |       0 |   17893 |   0.0 |       0 |      55 |   0.0 |  2390
      Shoals:1 |       0 |    9338 |   0.0 |       0 |      17 |   0.0 |   693
      Shoals:2 |       0 |    9454 |   0.0 |       0 |      17 |   0.0 |   757
      Shoals:3 |       0 |   18151 |   0.0 |       0 |      30 |   0.0 |  1129
      Shoals:4 |       0 |   38013 |   0.0 |       0 |      65 |   0.0 |  2629
       Snake:1 |       0 |   15185 |   0.0 |       0 |      27 |   0.0 |   747
       Snake:2 |       0 |   14710 |   0.0 |       0 |      28 |   0.0 |  1762
       Snake:3 |       0 |   20088 |   0.0 |       0 |      36 |   0.0 |  1277
       Snake:4 |       0 |   38186 |   0.0 |       0 |      68 |   0.0 |  2355
         Orc:1 |       0 |    3208 |   0.0 |       0 |      24 |   0.0 |   659
         Orc:2 |       0 |   13985 |   0.0 |       0 |      75 |   0.0 |  1681
      Vaults:1 |       0 |   43477 |   0.0 |       0 |      78 |   0.0 |  2934
      Vaults:2 |       0 |   32901 |   0.0 |       0 |      59 |   0.0 |  2066
      Vaults:3 |       0 |   51452 |   0.0 |       0 |      65 |   0.0 |  2883
      Vaults:4 |       0 |   39218 |   0.0 |       0 |      63 |   0.0 |  2620
      Depths:1 |       0 |   30947 |   0.0 |       0 |      46 |   0.0 |  1763
        WizLab |       0 |   21640 |   0.0 |       0 |      34 |   0.0 |  1903
               +---------+---------+-------+---------+---------+-------+---------
